 Dungeon Crawl Stone Soup version 0.27-a0-1140-g099f9bb0e8 (webtiles) character file.

Game seed: 16731266009251960598

135 Goblin1989 the Sneak (level 4, -2/35 HPs)
             Began as a Demonspawn Delver on May 10, 2021.
             Slain by an iguana (4 damage)
             ... on level 4 of the Dungeon.
             The game lasted 00:10:10 (5284 turns).

Goblin1989 the Sneak (Demonspawn Delver)            Turns: 5284, Time: 00:10:11

Health: -2/35      AC:  6    Str: 13    XL:     4   Next: 96%
Magic:  4/4        EV: 11    Int: 12    God:
Gold:   171        SH:  0    Dex: 14    Spells: 3/3 levels left

rFire    + . .     SeeInvis .   a - +0 whip
rCold    + . .     Faith    .   (no shield)
rNeg     . . .     Spirit   .   I - +1 ring mail {rF+}
rPois    +         Reflect  .   (helmet restricted)
rElec    .         Harm     .   (no cloak)
rCorr    .         Rampage  .   (no gloves)
Will     .....                  (no boots)
Stlth    ++........             (no amulet)
HPRegen  0.11/turn              c - ring of protection from cold
MPRegen  0.18/turn              o - ring of poison resistance

@: no status effects
A: claws 1, horns 1, magic regeneration
a: no special abilities


You were on level 4 of the Dungeon.
You visited 1 branch of the dungeon, and saw 5 of its levels.

You collected 171 gold pieces.

Inventory:

Hand Weapons
 a - a +0 whip (weapon)
 b - a +0 hunting sling
Missiles
 W - 5 poisoned darts
 Y - 56 stones (quivered) {@Q3}
 Z - 14 bolts
Armour
 I - a +1 ring mail of fire resistance (worn)
 S - a +0 scale mail
Magical Staves
 e - a staff of conjuration {!a}
 H - a staff of fire
Jewellery
 c - a ring of protection from cold (left claw)
 o - a ring of poison resistance (right claw)
Wands
 g - a wand of digging (3) {@v1}
 N - a wand of flame (24) {@v6}
Scrolls
 G - 2 scrolls of fog
 L - a scroll of enchant armour {unknown}
 M - 2 scrolls of magic mapping
 O - a scroll of brand weapon {unknown}
 P - 6 scrolls of identify {unknown}
 Q - a scroll of acquirement {unknown}
 T - a scroll of enchant weapon {unknown}
 U - a scroll of vulnerability {unknown}
 X - 2 scrolls of teleportation {unknown}
Potions
 f - 2 potions of haste {@q3,}
 J - a potion of mutation {unknown}
 K - a potion of heal wounds {unknown}
 R - a potion of cancellation {unknown}
 V - 3 potions of flight {unknown}


   Skills:
 + Level 3.3 Fighting
 - Level 3.0 Maces & Flails
 + Level 0.9 Armour
 + Level 2.2 Dodging
 - Level 4.5 Stealth
 * Level 2.4 Unarmed Combat


You had 3 spell levels left.
You didn't know any spells.
Your spell library was empty.

Dungeon Overview and Level Annotations

Branches:
Dungeon (5/15)
 Temple: D:4-7

Altars:
Okawaru

Annotations:
D:3 Sigmund
D:4 exclusion: bullfrog


Innate Abilities, Weirdness & Mutations

You have sharp fingernails.
You have a pair of small horns on your head.
You regenerate magic rapidly.


Message History

You hit the hobgoblin.
The hobgoblin is almost dead.
The hobgoblin hits you but does no damage.
You barely miss the hobgoblin.
The hobgoblin is almost dead.
The hobgoblin closely misses you.
You hit the hobgoblin.
You kill the hobgoblin!
You see here a hobgoblin corpse.
Found a dagger.
An iguana comes into view.
The iguana hisses angrily.
You hit the iguana. You claw the iguana.
The iguana is moderately wounded.
The iguana bites you but does no damage.
You barely miss the iguana.
The iguana is moderately wounded.
The iguana bites you but does no damage.
You hit the iguana. Your headbutt misses the iguana.
The iguana is moderately wounded.
The iguana bites you but does no damage.
You hit the iguana but do no damage.
The iguana is moderately wounded.
The iguana bites you!
You take 10 damage, and have 25/35 hp.
MASSIVE DAMAGE!!
Your ring mail prevents you from hitting the iguana.
The iguana is moderately wounded.
The iguana barely misses you.
You hit the iguana. Your headbutt misses the iguana.
The iguana is heavily wounded.
The iguana barely misses you.
You closely miss the iguana.
The iguana is heavily wounded.
You hit the iguana but do no damage. Your headbutt misses the iguana.
The iguana is heavily wounded.
The iguana misses you.
You closely miss the iguana. Your headbutt misses the iguana.
The iguana is heavily wounded.
The iguana misses you.
You barely miss the iguana.
The iguana is heavily wounded.
The iguana closely misses you.
You closely miss the iguana.
The iguana is heavily wounded.
The iguana bites you!
You take 8 damage, and have 18/35 hp.
MASSIVE DAMAGE!!
You are too injured to fight recklessly!
You are too injured to fight recklessly!
You are too injured to fight recklessly!
You are too injured to fight recklessly!
You are too injured to fight recklessly!
You are too injured to fight recklessly!
You are too injured to fight recklessly!
You are too injured to fight recklessly!
You are too injured to fight recklessly!
You are too injured to fight recklessly!
You are too injured to fight recklessly!
You are too injured to fight recklessly!
You are too injured to fight recklessly!
You are too injured to fight recklessly!
You are too injured to fight recklessly!
You are too injured to fight recklessly!
You are too injured to fight recklessly!
You are too injured to fight recklessly!
You are too injured to fight recklessly!
You closely miss the iguana. You headbutt the iguana.
The iguana is severely wounded.
The iguana bites you.
* * * LOW HITPOINT WARNING * * *
You take 6 damage, and have 12/35 hp.
You hit the iguana but do no damage.
The iguana is severely wounded.
The iguana bites you but does no damage.
You hit the iguana but do no damage.
You headbutt the iguana, but do no damage.
The iguana is severely wounded.
The iguana barely misses you.
You completely miss the iguana. Your headbutt misses the iguana.
The iguana is severely wounded.
The iguana bites you but does no damage.
You closely miss the iguana. You headbutt the iguana.
The iguana is almost dead.
The iguana barely misses you.
You hit the iguana. Your headbutt misses the iguana.
The iguana is almost dead.
The iguana bites you but does no damage.
You hit the iguana but do no damage.
The iguana is almost dead.
The iguana bites you.
* * * LOW HITPOINT WARNING * * *
You take 6 damage, and have 6/35 hp.
You hit the iguana but do no damage.
The iguana is almost dead.
The iguana bites you.
* * * LOW HITPOINT WARNING * * *
You take 4 damage, and have 2/35 hp.
You barely miss the iguana.
The iguana is almost dead.
The iguana bites you.
You die... ███████████████████████

█......................
█......................
█......................
███████.█████████.██...
███...██.████...██.██...
......l@................
........................
........................
....)...................
██▲████..████...██.██...
█..████...██.██...
█.....∆.......█...
█.....█.......█...
█.....█.......█...


You could see an iguana.

Vanquished Creatures
  Terence (D:2)
  2 adders
  2 worms (D:2)
  An adder skeleton (D:5)
  2 dart slugs
  3 orcs (D:3)
  2 bats
  An endoplasm (D:1)
  7 giant cockroaches
  5 hobgoblins
  16 jackals
  5 quokkas
  3 ball pythons
  3 frilled lizards (D:1)
  5 goblins
  4 kobolds
  5 rats
67 creatures vanquished.

Notes
Turn   | Place    | Note
-------+----------+-------------------------------------------
     0 | D:5      | Goblin1989 the Demonspawn Delver began the quest for the
                  | Orb.
     0 | D:5      | Reached XP level 1. HP: 18/18 MP: 1/1
   333 | D:3      | Gained mutation: You regenerate magic rapidly. [demonic
                  | ancestry]
   333 | D:3      | Reached XP level 2. HP: 10/24 MP: 2/2
   623 | D:2      | Noticed Terence
  1056 | D:1      | Gained mutation: You have sharp fingernails. [demonic
                  | ancestry]
  1056 | D:1      | Reached XP level 3. HP: 20/29 MP: 3/3
  1484 | D:1      | Reached skill level 1 in Unarmed Combat
  2225 | D:1      | Found a faded altar of an unknown god.
  3230 | D:2      | Gained mutation: You have a pair of small horns on your
                  | head. [demonic ancestry]
  3230 | D:2      | Reached XP level 4. HP: 35/35 MP: 4/4
  3876 | D:2      | Killed Terence
  4410 | D:3      | Found an iron altar of Okawaru.
  4566 | D:3      | Noticed Sigmund
  5209 | D:4      | Noticed a bullfrog
  5284 | D:4      | Slain by an iguana

Illustrated notes

Levels and vault maps discovered:
D:1:      lemuel_arrival_muddy, layout_loops_ring,
          ebering_ecumenical_altar_rust, palyth_stone_intersect, feat_on_display
D:2:      layout_rooms, minmay_tall_x, uniq_terence
D:3:      layout_loops_corners, okawaru_metal_pillars_1_2,
          chequers_serial_rivers_micro_d, roderic_serpentine_path, uniq_sigmund
D:4:      layout_gridville, grunt_ministairs_7, nicolae_zen_rock_garden
D:5:      layout_basic

Skill      XL: |  1  2  3  4 |
---------------+-------------+-----
Maces & Flails | 2 3 |  3.0
Unarmed Combat | 1 2 |  2.4
Dodging        | 2 |  2.2
Fighting       | |  3.3
Armour         | |  0.9
Stealth        | |  4.5

Action                   |  1- 3 |  4- 6 || total
-------------------------+-------+-------++-------
Melee: Mace              |   196 |       ||   196
       Whip              |     9 |    64 ||    73
       Headbutt          |       |    14 ||    14
       Punch             |       |     1 ||     1
 Fire: Hunting sling     |    11 |    31 ||    42
Throw: Stone             |       |     8 ||     8
  Use: Scroll            |     1 |       ||     1
 Stab: Sleeping          |     8 |     2 ||    10
Armor: Leather armour    |    45 |       ||    45
       Ring mail         |     8 |    23 ||    31
Dodge: Dodged            |   165 |    27 ||   192

Table legend: (Time is in decaauts)
 A = Elapsed time spent in this place.
 B = Non-inter-level travel time spent in this place.
 C = Inter-level travel time spent in this place.
 D = Time resting spent in this place.
 E = Time spent auto-exploring this place.
 F = Levels seen in this place.
 G = Mean time per level.
                   A        B        C        D        E       F      G
               +--------+--------+--------+--------+--------+-----+--------+
         Total |   5338 |   4915 |    423 |   1484 |   2435 |   5 | 1067.6 |
       Dungeon |   5338 |   4915 |    423 |   1484 |   2435 |   5 | 1067.6 |
               +--------+--------+--------+--------+--------+-----+--------+

Top non-repeatable levels by time:
     D:1: 2459 daAuts
     D:3: 1470 daAuts
     D:2: 1116 daAuts
     D:5: 186 daAuts
     D:4: 105 daAuts
